 Dungeon Crawl Stone Soup version 0.28.0-47-ge53b351184 (webtiles) character file.

Game seed: 10499451617245254346

33 Peloso the Shield-Bearer (level 3, 0/33 HPs)
             Began as a Minotaur Fighter on Apr 29, 2022.
             Slain by Terence
             ... wielding a +0 morningstar
              (11 damage)
             ... on level 2 of the Dungeon.
             The game lasted 00:02:36 (1721 turns).

Peloso the Shield-Bearer (Minotaur Fighter)         Turns: 1721, Time: 00:02:36

Health: 0/33       AC: 11    Str: 20    XL:     3   Next: 12%
Magic:  2/2        EV:  5    Int:  5    God:
Gold:   131        SH:  4    Dex: 11    Spells: 2/2 levels left

rFire   + . .      SeeInvis .   a - +0 long sword
rCold   + . .      Faith    .   c - +0 buckler
rNeg    . . .      Spirit   .   h - +0 plate armour
rPois   .          Reflect  .   (helmet restricted)
rElec   .          Harm     .   k - scarf {rC+ rF+}
rCorr   .          Rampage  .   (no gloves)
Will    .....                   (no boots)
Stlth   ..........              (no amulet)
HPRegen 0.11/turn               (no ring)
MPRegen 0.08/turn               (no ring)

@: no status effects
A: horns 2, retaliatory headbutt
a: no special abilities


You were on level 2 of the Dungeon.
You visited 1 branch of the dungeon, and saw 3 of its levels.

You collected 131 gold pieces.

Inventory:

Hand Weapons
 a - a +0 long sword (weapon)
Armour
 b - a +0 scale mail
 c - a +0 buckler (worn)
 h - a +0 plate armour (worn)
 k - a scarf of resistance (worn)
Scrolls
 e - a scroll of amnesia
 j - a scroll of vulnerability {unknown}
 l - a scroll of teleportation {unknown}
 m - a scroll of magic mapping {unknown}
Potions
 d - a potion of might
 g - a potion of mutation
 n - a potion of curing {unknown}


   Skills:
 + Level 4.0 Fighting
 + Level 2.7 Long Blades
 + Level 4.1 Armour
 + Level 0.3 Dodging
 + Level 4.2 Shields


You had 2 spell levels left.
You didn't know any spells.
Your spell library was empty.

Dungeon Overview and Level Annotations

Branches:
Dungeon (3/15)

Altars:
Gozag

Annotations:
D:2 Terence
D:3 Jessica


Innate Abilities, Weirdness & Mutations

You have a pair of horns on your head.
You reflexively headbutt those who attack you in melee.


Message History

You drop a potion of attraction.
As you read the scroll of identify, it crumbles to dust.
g - a potion of mutation Partly explored, can't reach some places.
(D) Dungeon
Where to? (Enter - D:12, ? - help)
What level of the Dungeon? (default 1, ? - help)
There is a stone staircase leading down here.
You climb downwards.
Terence shouts!
The goblin shouts!
There is a stone staircase leading up here.
There are monsters nearby!
Jessica the Apprentice Sorceress comes into view.
She is wielding a +0 club and wearing a +0 robe of willpower.
Found a robe.
Jessica shouts!
The bat hits you but does no damage. x2; Jessica moves out of view.
The bat hits you but does no damage. The bat hits you but does no damage.
There is a stone staircase leading up here.
The bat hits you. Terence closely misses you. You furiously retaliate!
You headbutt Terence, but do no damage.
You climb upwards.
There is a stone staircase leading down here.
Unknown command.
You barely miss Terence. You headbutt Terence.
Terence is lightly wounded.
Terence hits you with a +0 morningstar.
You hit Terence but do no damage.
Terence is lightly wounded.
Terence barely misses you.
You barely miss Terence. You headbutt Terence!
Terence is heavily wounded.
Terence hits you with a +0 morningstar! Terence hits you with a +0 morningstar.
You hit Terence but do no damage.
Terence is heavily wounded.
Terence hits you with a +0 morningstar!
You closely miss Terence. Your headbutt misses Terence.
Terence is heavily wounded.
Terence hits you with a +0 morningstar!
You die...

###.####........### ###.#≈≈≈...#
#.## ##....#....####...≈≈≈≈....
###..####....##.#...##...≈≈≈P≈...
.......#####.##.....##...≈≈≈≈.≈..
.......# #.##..#####.#.≈≈≈PP...
.......# #.....#####....≈≈≈P...
.......# #...........#.P≈≈≈≈≈..
.......#####.###.....#.#..≈≈≈≈P..
..........#.....@.........≈≈≈P...
.......##......@.........≈.≈≈≈≈..
###...)####..<............P≈≈≈...
###.># #...............≈≈≈≈..÷
##.####.####..##.#..#..≈≈≈≈..
##.......####..##.#.....≈≈P...
##........#.....##.......≈≈P≈..
#...........###.###....≈P≈≈≈≈≈.
#..........## #.#....#.P≈≈≈≈P≈.


You could see Terence.

Vanquished Creatures
  An adder (D:2)
  A dart slug (D:1)
  A ball python (D:1)
  2 endoplasms
  2 giant cockroaches (D:2)
  A hobgoblin (D:2)
  2 kobolds (D:1)
  A quokka (D:1)
  3 bats
  4 frilled lizards
  A goblin (D:2)
  5 rats
24 creatures vanquished.

Notes
Turn   | Place    | Note
-------+----------+-------------------------------------------
     0 | D:1      | Peloso the Minotaur Fighter began the quest for the Orb.
     0 | D:1      | Reached XP level 1. HP: 19/19 MP: 0/0
   505 | D:1      | Reached XP level 2. HP: 24/27 MP: 1/1
  1117 | D:2      | Reached XP level 3. HP: 31/33 MP: 2/2
  1230 | D:2      | Found an opulent altar of Gozag.
  1710 | D:3      | Noticed Terence
  1712 | D:3      | Noticed Jessica
  1721 | D:2      | Slain by Terence

Illustrated notes

Levels and vault maps discovered:
D:1:      dpeg_arrival_round_b, layout_basic, kennysheep_small_spiral,
          grunt_decor_mini_mirrors
D:2:      layout_rooms, basic_altar, chequers_big_river
D:3:      minmay_chambers_of_threes, layout_rooms, serial_shops, shop, shop,
          shop, shop, nicolae_square_shop, uniq_terence, uniq_jessica

Skill      XL: |  1  2 |
---------------+-------+-----
Shields        | 4 |  4.2
Fighting       | 4 |  4.0
Armour         | 4 |  4.1
Long Blades    | |  2.7
Dodging        | |  0.3

Action                   || total
-------------------------++-------
Melee: Long sword        ||    79
       Headbutt          ||     5
  Use: Scroll            ||     3
Armor: Scale mail        ||    19
       Plate armour      ||    33
Dodge: Dodged            ||    40
Block: Buckler           ||    12
